 Dungeon Crawl Stone Soup version 0.23-a0-241-g3b46b07 (webtiles) character file.

49 PurpleRed the Sneak (level 3, 0/21 HPs)
             Began as an Octopode Wanderer on Sept 26, 2018.
             Slain by Natasha (5 damage)
             ... on level 2 of the Dungeon.
             The game lasted 00:05:31 (1082 turns).

PurpleRed the Sneak (Octopode Wanderer)             Turns: 1082, Time: 00:05:31

Health: 0/21       AC:  1    Str: 11    XL:     3   Next: 77%
Magic:  0/8        EV: 12    Int: 16    God:
Gold:   25         SH:  0    Dex: 10    Spells: 3/10 levels left

rFire    . . .     SeeInvis .   e - +0 dagger
rCold    . . .     Gourm    .   (no shield)
rNeg     . . .     Faith    .   (helmet restricted)
rPois    .         Spirit   .   (no amulet)
rElec    .         Reflect  .   (no ring)
rCorr    .         Harm     .   (no ring)
MR       .....                  (no ring)
Stlth    ++++......             (no ring)
HPRegen  0.07/turn              (no ring)
MPRegen  0.11/turn              (no ring)
                                (no ring)
                                (no ring)

@: very slightly contaminated, slowed, very slow
A: almost no armour, stealthy swim, amphibious, 8 rings, constrict 8, camouflage
1, gelatinous body 1
a: no special abilities


You were on level 2 of the Dungeon.
You were hungry.

You visited 1 branch of the dungeon, and saw 2 of its levels.

You collected 25 gold pieces.

Inventory:

Hand Weapons
 b - a cursed -2 short sword
 d - a +0 club
 e - a +0 dagger (weapon)
Armour
 m - a +0 shield
Scrolls
 a - 2 scrolls of blinking {unknown}
 i - 3 scrolls of identify {unknown}
 j - a scroll of fog {unknown}
 k - 2 scrolls of remove curse {unknown}
 o - a scroll of random uselessness {unknown}
Potions
 c - a potion of lignification
 g - 4 potions of curing
 h - a potion of haste {unknown}
 n - a potion of brilliance {unknown}
Comestibles
 f - 3 rations
 l - a chunk of flesh


   Skills:
 - Level 1.0 Throwing
 + Level 5.1 Stealth
 - Level 4.0 Spellcasting
 - Level 4.0 Hexes


You had 3 spell levels left.
You knew the following spells:

 Your Spells              Type           Power        Failure   Level  Hunger
a - Confuse               Hex            ###.....     10%         3    ###....
b - Corona                Hex            ###....      3%          1    None
c - Ensorcelled Hibernat  Hex/Ice        #.....       11%         2    ##.....
d - Confusing Touch       Hex            ###...       3%          1    None

Your spell library contained the following spells:

 Spells                   Type           Power        Failure   Level  Hunger
 Tukima's Dance           Hex            ###.....     10%         3    ###....
 Sting                    Conj/Pois      #...         17%         1    None
 Dazzling Spray           Conj/Hex       #.....       22%         3    ###....
 Gell's Gravitas          Tloc           #.........   45%         3    ###....
 Ignite Poison            Fire/Tmut/Pois #.......     45%         3    ###....
 Petrify                  Tmut/Erth      #.......     86%         4    ####...
 Metabolic Englaciation   Hex/Ice        #.........   90%         5    ######.
 Yara's Violent Unravell  Hex/Tmut       #.........   90%         5    ######.


Dungeon Overview and Level Annotations

Branches:
Dungeon (2/15)

Altars:

Annotations:
D:2 Natasha


Innate Abilities, Weirdness & Mutations

You cannot wear most types of armour.
You are very stealthy in the water. (Stealth+)
You are amphibious.
You can wear up to eight rings at the same time.
You can use your tentacles to constrict eight enemies at once.
Your skin changes colour to match your surroundings (Stealth+).
Your rubbery body absorbs attacks. (AC +1, EV +1)


Message History

Casting: Ensorcelled Hibernation (safe; 11% risk of failure)
Confirm with . or Enter, or press ? or * to list all spells.
Aiming: Ensorcelled Hibernation (safe; 11% risk of failure)
Press: ? - help, Shift-Dir - straight line, f/p - Natasha
Aim: Natasha (lightly wounded, constricted by you, chance to defeat MR: 40%) Natasha resists with some effort.
You constrict Natasha.
Natasha stares at you and mumbles some strange words.
You resist with significant effort.
Natasha stares at you and mumbles some strange words.
The magic dart hits you!
* * * LOW HITPOINT WARNING * * *
Casting: Ensorcelled Hibernation (safe; 11% risk of failure)
Confirm with . or Enter, or press ? or * to list all spells.
Aiming: Ensorcelled Hibernation (safe; 11% risk of failure)
Press: ? - help, Shift-Dir - straight line, f/p - Natasha
Aim: Natasha (moderately wounded, constricted by you, chance to defeat MR: 40%)
You miscast Ensorcelled Hibernation.
Frost spreads across the the floor.
You are feeling hungry.
You constrict Natasha. Natasha claws you.
You die...

#...# #.....#
##.## #.....#
#.######.....#
#.#.....[.####
#.#.......# ##
#.#.#####.##.##
#.#.##......#.#
#......##.##.#
###.#####.##@#
#.......##h#
#.......##..
#############


You could see Natasha.

Vanquished Creatures
  An ooze (D:1)
  A worm (D:2)
  A leopard gecko (D:1)
  6 bats (D:1)
  2 giant cockroaches (D:1)
  4 hobgoblins
  4 jackals (D:1)
  7 kobolds (D:1)
  A ball python (D:1)
  3 frilled lizards (D:1)
  7 goblins
  A rat (D:1)
38 creatures vanquished.

Notes
Turn   | Place    | Note
-------+----------+-------------------------------------------
     0 | D:1      | PurpleRed the Octopode Wanderer began the quest for the
                  | Orb.
     0 | D:1      | PurpleRed set off with: a potion of lignification, a +0
                  | club, a ration
     0 | D:1      | Reached XP level 1. HP: 11/11 MP: 5/5
     2 | D:1      | Learned a level 1 spell: Corona
    28 | D:1      | Reached skill level 2 in Stealth
    66 | D:1      | Reached XP level 2. HP: 15/17 MP: 7/7
    72 | D:1      | Reached skill level 3 in Stealth
   183 | D:1      | Reached skill level 4 in Stealth
   241 | D:1      | Reached XP level 3. HP: 16/21 MP: 8/8
   247 | D:1      | Learned a level 3 spell: Confuse
   809 | D:1      | Learned a level 2 spell: Ensorcelled Hibernation
   816 | D:2      | Learned a level 1 spell: Confusing Touch
   847 | D:2      | Reached skill level 5 in Stealth
  1074 | D:2      | Noticed Natasha
  1082 | D:2      | Slain by Natasha

Vault maps used:
D:1:      dpeg_arrival_more_subterranean_lakeside_camping,
          hangedman_decor_lopped
D:2:      lemuel_doored_altar, first_ration, uniq_natasha

Skill      XL: |  1  2  3 |
---------------+----------+-----
Stealth        | 2 4 5 |  5.1
Throwing       | |  1.0
Spellcasting   | |  4.0
Hexes          | |  4.0

Action                   || total
-------------------------++-------
Melee: Club              ||    14
       Constrict         ||    25
       Tentacles         ||    16
       Dagger            ||    90
 Cast: Ensorcelled Hiber ||     7
       Confuse           ||     6
 Stab: Sleeping          ||     6
  Eat: Chunk             ||     1
Armor: Skin              ||    10
Dodge: Dodged            ||    68

Table legend:
 A = Non-vault XP
 B = Vault XP
 C = Vault XP percentage of total XP
 D = Non-vault monster count
 E = Vault monster count
 F = Vault count percentage of total count
                 A         B        C        D         E       F
            +---------+---------+-------+---------+---------+-------
      Total |      71 |       0 |   0.0 |      38 |       0 |   0.0
            +---------+---------+-------+---------+---------+-------
        D:1 |      60 |       0 |   0.0 |      34 |       0 |   0.0
        D:2 |      11 |       0 |   0.0 |       4 |       0 |   0.0
            +---------+---------+-------+---------+---------+-------
